 Dungeon Crawl Stone Soup version 0.21.1-1-g345015fe64 (webtiles) character file.

297462 Gargoyl the Corrupter of Planes (level 20, -3/178 HPs)
             Began as a Centaur Abyssal Knight on May 25, 2018.
             Was the Champion of Lugonu.
             Drowned by a water nymph (12 damage)
             ... on level 1 of the Shoals on May 26, 2018.
             The game lasted 01:55:31 (43853 turns).

Gargoyl the Corrupter of Planes (CeAK)             Turns: 43853, Time: 01:55:32

Health: -3/178     AC: 34    Str: 22    XL:     20   Next: 44%
Magic:  32/32      EV:  4    Int: 15    God:    Lugonu [******]
Gold:   1779       SH: 21    Dex: 13    Spells: 19/19 levels left

rFire    + . .     SeeInvis .   V - +4 arc blade {discharge, rElec}
rCold    + . .     Gourm    .   S - +2 large shield {reflect}
rNeg     + . .     Faith    .   Z - +5 plate armour of the Forest {rN+ Int+4}
rPois    +         Spirit   .   z - +0 helmet
rElec    +         Reflect  +   b - scarf {rC+ rF+}
rCorr    .         Harm     .   Q - +2 pair of gloves
MR       ++...                  T - +2 centaur barding {Fly}
Stlth    ..........             U - amulet "Liupugiato" {+Blink Regen+}
HPRegen  1.19/turn              o - ring of poison resistance
MPRegen  0.23/turn              E - +4 ring of dexterity

@: flying, mesmerised, studying Fighting, very quick
A: large, hooves 3, blurry vision 1, clumsy 1, deformed body, speed 2, magic
resistance 1, regeneration 1, tough skin 3
}: 1/15 runes: serpentine
a: Depart the Abyss, Bend Space, Banish, Corrupt, Enter the Abyss, Brand Weapon
With Distortion, Renounce Religion, Evoke Blink, Stop Flying


You were on level 1 of the Shoals.
You worshipped Lugonu.
Lugonu was exalted by your worship.
You were not hungry.

You visited 7 branches of the dungeon, and saw 35 of its levels.
You visited the Abyss 2 times.
You also visited: Labyrinth.

You collected 3151 gold pieces.
You spent 1372 gold pieces at shops.

Inventory:

Hand Weapons
 m - a +2 short sword of flaming
 x - the +7 trident of the Snake Pit {pierce, +Inv Str+6}
   (You found it on level 1 of the Snake Pit)

   It inflicts extra damage upon your enemies.
   It affects your strength (+6).
   It lets you turn invisible.
 L - a +0 vampiric demon blade
 V - the +4 arc blade (weapon) {discharge, rElec}
   (You found it in a labyrinth)

   It insulates you from electricity.
 X - a +2 broad axe of flaming
Missiles
 H - 38 tomahawks (quivered)
 I - 5 silver tomahawks
Armour
 b - a scarf of resistance (worn)
 z - a +0 helmet (worn)
 Q - a +2 pair of gloves (worn)
 S - a +2 large shield of reflection (worn)
 T - a +2 centaur barding of flying (worn)
 Z - the +5 plate armour of the Forest (worn) {rN+ Int+4}
   (You bought it in a shop on level 13 of the Dungeon)

   It affects your intelligence (+4).
   It protects you from negative energy.
Jewellery
 e - a +3 ring of strength {unknown}
 n - an uncursed ring of see invisible
 o - a ring of poison resistance (left hand)
 p - an uncursed ring of protection from magic
 s - an uncursed ring of protection from cold
 E - a +4 ring of dexterity (right hand)
 U - the amulet "Liupugiato" (around neck) {+Blink Regen+}
   (You found it in a labyrinth)

   [amulet of regeneration]

   It lets you blink.
   It increases your rate of regeneration.
 Y - an uncursed ring of protection from fire
Wands
 t - a wand of iceblast (13)
 w - a wand of flame (21)
 R - a wand of paralysis (16)
Scrolls
 d - 17 scrolls of remove curse
 g - 6 scrolls of fog
 h - a scroll of enchant armour
 i - a scroll of enchant weapon
 r - 3 scrolls of blinking
 C - 2 scrolls of holy word
 F - 12 scrolls of teleportation
 G - 13 scrolls of identify
 M - 5 scrolls of fear
Potions
 a - 2 potions of heal wounds
 f - 2 potions of invisibility
 j - 17 potions of curing
 k - 9 potions of mutation
 q - 4 potions of resistance
 u - 5 potions of haste
 v - 5 potions of agility
 A - 5 potions of magic
 B - 2 potions of berserk rage
 D - 4 potions of might
 O - a potion of cancellation
 P - a potion of brilliance
 W - 4 potions of ambrosia
Books
 y - a manual of Fighting
 N - a book of Frost

   Spells                             Type                      Level
   a - Freeze                         Ice                          1
   b - Throw Frost                    Conjuration/Ice              2
   c - Ozocubu's Armour               Charms/Ice                   3
   d - Throw Icicle                   Conjuration/Ice              4
   e - Summon Ice Beast               Ice/Summoning                4
Miscellaneous
 J - a lightning rod (4/4)
Comestibles
 c - 30 rations


   Skills:
 + Level 15.3 Fighting
 + Level 14.9 Short Blades
 + Level 2.5(2.7) Axes
 + Level 1.2(2.0) Polearms
 + Level 2.1 Throwing
 * Level 16.0 Armour
 + Level 4.6 Dodging
 + Level 12.2 Shields
 * Level 17.5 Invocations


You had 19 spell levels left.
You didn't know any spells.

Dungeon Overview and Level Annotations

Branches:
Dungeon (15/15)            Temple (0/1) D:6            Lair (6/6) D:9
 Shoals (1/4) Lair:3        Snake (4/4) Lair:2        Slime (0/5) Lair:6
    Orc (2/2) D:11            Elf (2/3) Orc:2        Vaults (4/5) D:14
  Crypt (0/3) Vaults:2     Depths (0/5) D:15

Altars:
Ashenzari
Elyvilon
Gozag
Hepliaklqana
Kikubaaqudgha
Makhleb
Nemelex Xobeh
Qazlal
Ru
Vehumet
Wu Jian
Xom
Zin
The Shining One
Beogh

Shops:
D:4 *   D:10 }*   D:13 [   D:14 [   Orc:2 [*!(   Elf:1 %   Snake:1 }=}
Snake:2 }((   Snake:4 (

Annotations:
Vaults:5 corrupted


Innate Abilities, Weirdness & Mutations

You have hooves in place of feet.
Armour fits poorly on your strangely shaped body.
You cover ground very quickly.
You have extremely tough skin. (AC +3)
Scrolls take you a little longer to read.
You are clumsy. (Dex -2)
You are resistant to hostile enchantments. (MR+)
Your natural rate of healing is unusually fast.


Message History

The snapping turtle bites you!
* * * LOW HITPOINT WARNING * * *
Unknown command.
Okay, then.
Really read with blurry vision while enemies are nearby?
You block the harpy's attack. x2; The harpy claws you.
* * * LOW HITPOINT WARNING * * *
You block the harpy's attack.
The merfolk avatar chants its luring song.
You begin reading the scroll.
You continue reading the scroll.
You block the harpy's attack. x2; The harpy claws you but does no damage. x3
The harpy claws you.
* * * LOW HITPOINT WARNING * * *
The harpy claws you but does no damage. The harpy claws you.
* * * LOW HITPOINT WARNING * * *
The harpy claws you!
* * * LOW HITPOINT WARNING * * *
You block the harpy's attack. The water nymph touches you.
The water nymph drowns you!
You die...

≈..≈≈≈≈≈....#
≈.=≈≈≈≈≈≈≈.(##
≈..≈≈≈≈≈≈≈≈..#
≈≈.≈≈≈≈≈≈≈≈...#
≈≈≈!≈≈≈≈≈≈≈≈≈..#
≈≈≈≈≈≈≈≈≈H≈≈(≈.# ..
#≈≈≈≈≈≈m≈H≈†t≈.##...
...##P...≈≈≈≈≈≈≈@H(.....#
≈.PPPPPP≈≈≈≈≈≈≈≈mHc≈≈≈.##
≈≈≈≈...P≈PP≈≈≈≈≈≈≈H≈c≈.#
≈≈≈≈P)P≈≈P≈P≈≈≈≈≈≈≈≈≈≈.#
≈≈≈≈..≈P≈≈P≈≈≈≈≈≈≈≈≈≈≈≈..
≈≈≈≈..PPP≈≈≈≈≈≈≈≈≈≈≈≈≈≈≈≈
≈≈≈≈...PP.≈≈≈≈≈>≈≈≈≈≈≈≈≈≈
≈≈≈.≈.....≈≈≈≈≈≈≈≈≈≈≈≈≈≈≈
≈≈.....(##.≈≈≈≈≈≈≈≈≈≈≈≈≈≈


You could see a merfolk avatar, a snapping turtle, 2 fauns, a water nymph and 5
harpies.

Vanquished Creatures
  Margery (Vaults:4)
  A lich (Vaults:4)
  A storm dragon (Vaults:4)
  2 fire giants (Vaults:3)
  14 nagarajas
  2 frost giants (Vaults:3)
  9 vault wardens
  2 orc warlords
  Aizul (Snake:2)
  8 ironheart preservers
  6 very ugly things
  4 stone giants
  An entropy weaver (Vaults:2)
  Nessos (D:14)
  Snorg (D:10)
  A merfolk javelineer (Shoals:1)
  2 fire dragons
  2 deep elf death magi (Elf:1)
  A minotaur (Lab)
  A deep elf high priest (Vaults:4)
  An ettin (Vaults:3)
  2 merfolk impalers (Shoals:1)
  12 naga warriors
  3 great orbs of eyes
  6 yaktaur captains
  Harold (Lair:1)
  15 vault guards
  7 hydras
  Erolcha (D:13)
  A rakshasa (D:15)
  An ice dragon (Vaults:3)
  2 catoblepae
  6 ogre magi
  9 anacondas
  2 death knights
  2 centaur warriors
  An alligator snapping turtle (Shoals:1)
  17 two-headed ogres
  Erica (D:10)
  A death yak (shapeshifter) (D:14)
  2 merfolk aquamancers (Shoals:1)
  4 dancing weapons
  6 orc high priests
  A vampire mage (D:15)
  11 death yaks
  10 deep elf knights (Elf:1)
  23 naga sharpshooters
  4 shock serpents
  4 skeletal warriors
  5 salamander mystics
  3 shadow wraiths
  3 sea snakes
  6 hell knights (Vaults:4)
  A wretched star (Abyss:1)
  3 unseen horrors
  A glowing orange brain (Vaults:3)
  5 deep trolls (Vaults:1)
  4 deep elf archers
  4 wizards
  Pikel (D:6)
  9 naga ritualists
  14 ironbrand convokers
  A lindwurm (shapeshifter) (D:14)
  20 orc knights
  50 ugly things
  A tengu zombie (Vaults:4)
  6 harpies
  6 necromancers
  The ghost of Chudej the Thaumaturge, a novice DECj of Vehumet (D:8)
  25 deep elf magi
  8 orc sorcerers
  12 mana vipers
  2 wolf spiders
  9 cyclopes
  6 centaur zombies
  A frost giant skeleton (Vaults:4)
  4 manticores
  A faun (shapeshifter) (Vaults:1)
  A fire giant zombie (D:15)
  2 guardian serpents
  17 salamanders
  6 merfolk sirens
  12 elephants
  29 naga magi
  2 guardian serpents (shapeshifter)
  26 black mambas
  2 gargoyles
  A fire giant skeleton (D:15)
  13 spiny frogs
  9 vault sentinels
  2 smoke demons
  4 centaur skeletons
  A kobold demonologist (D:7)
  A spriggan zombie (D:15)
  7 rime drakes
  A rime drake (shapeshifter) (D:15)
  23 yaktaurs
  2 freezing wraiths
  9 komodo dragons
  An efreet (Abyss:1)
  A yaktaur skeleton (Vaults:4)
  A jumping spider (Vaults:2)
  2 human skeletons (Vaults:4)
  2 polar bears
  3 merfolk (Shoals:1)
  7 trolls
  6 hornets
  4 large abominations (Elf:1)
  A blink frog (shapeshifter) (Vaults:3)
  9 hippogriffs
  17 slime creatures
  9 dream sheep
  3 blink frogs (Lair:6)
  3 redbacks (Vaults:2)
  An air elemental (Elf:1)
  3 shadows
  A spriggan (shapeshifter) (D:14)
  4 wraiths
  2 small abominations (Abyss:1)
  35 yaks
  3 wyverns
  An ettin skeleton (D:15)
  A basilisk (Lair:4)
  A fire elemental (Elf:1)
  3 hungry ghosts
  5 vampire mosquitoes
  5 wargs
  A chaos spawn (Abyss:1)
  A soldier ant (shapeshifter) (Vaults:2)
  44 nagas
  Edmund (D:5)
  3 acid dragons
  18 water moccasins
  10 porcupines
  A slave (D:6)
  67 orc warriors
  A hornet zombie (D:13)
  3 black bears
  A sky beast (D:15)
  6 ice beasts
  2 eyes of draining
  A black bear (shapeshifter) (Vaults:1)
  12 wolves
  28 ogres
  4 phantoms
  12 centaurs
  16 crocodiles
  3 elf zombies (Elf:1)
  3 big kobolds
  A bullfrog (shapeshifter) (D:15)
  14 bullfrogs
  2 earth elementals (Elf:1)
  A deep troll simulacrum (Vaults:3)
  A wyvern zombie (D:13)
  A water moccasin zombie (D:8)
  5 scorpions
  A wyvern skeleton (D:6)
  10 killer bees
  7 wights
  3 electric eels (D:11)
  3 bullfrog zombies
  6 crimson imps
  A human simulacrum (Vaults:1)
  6 jellies
  2 gnoll shamans
  7 hounds
  47 orc priests
  32 orc wizards
  Crazy Yiuf (D:6)
  Terence (D:2)
  2 bullfrog skeletons (D:12)
  7 iguanas
  Natasha (twice) (D:2)
  15 worker ants
  A hound skeleton (D:6)
  2 worker ant zombies
  13 gnolls
  5 river rats (D:3)
  12 adders
  5 shadow imps
  4 white imps (D:14)
  An ufetubus (Abyss:1)
  3 oozes
  8 worms
  2 dart slugs (D:2)
  5 leopard geckos
  132 orcs
  2 ball pythons
  6 giant cockroaches
  7 goblins
  4 hobgoblins
  6 jackals
  3 quokkas
  6 bats
  2 frilled lizards
  15 kobolds
  A quokka skeleton (D:4)
  9 rats
  A fungus (Lair:6)
1404 creatures vanquished.

Vanquished Creatures (others)
  The ghost of Ortega the Thaumaturge, a journeyman GnSk of Okawaru (Lair:5)
  2 hydras
  A manticore (D:7)
  A deep elf mage (Elf:1)
  A merfolk siren (Lair:3)
  A black mamba (Snake:2)
  A spiny frog (Lair:1)
  A komodo dragon (Lair:6)
  A yaktaur (Vaults:4)
  A hornet (Lair:6)
  A dream sheep (Lair:6)
  An orc warrior (Orc:2)
  3 crimson imps (D:5)
  An orc wizard (Elf:1)
  A giant cockroach (D:6)
  A quokka zombie (D:6)
  24 fungi
  17 plants
  3 withered plants (D:15)
63 creatures vanquished.

Grand Total: 1467 creatures vanquished

Notes
Turn   | Place    | Note
-------+----------+-------------------------------------------
     0 | Abyss:1  | Gargoyl the Centaur Abyssal Knight began the quest for the Orb.
     0 | Abyss:1  | Reached XP level 1. HP: 19/19 MP: 2/2
   159 | Abyss:1  | Noticed a brown very ugly thing
   182 | Abyss:1  | Noticed a tormentor
   183 | D:1      | Escaped the Abyss
   535 | D:1      | Reached * piety under Lugonu
   616 | D:1      | Reached XP level 2. HP: 26/26 MP: 3/3
  1161 | D:2      | Reached skill level 1 in Dodging
  1167 | D:2      | Reached XP level 3. HP: 20/31 MP: 4/4
  1177 | D:2      | Found an ancient bone altar of Kikubaaqudgha.
  1185 | D:2      | Noticed Terence
  1301 | D:2      | Gained mutation: You tend to lose your temper in combat. [potion of mutation]
  1301 | D:2      | Gained mutation: You evolve. [potion of mutation]
  1308 | D:2      | Killed Terence
  1355 | D:2      | Found a sacrificial altar of Ru.
  1405 | D:2      | Reached skill level 1 in Short Blades
  1405 | D:2      | Reached XP level 4. HP: 18/38 MP: 5/5
  2075 | D:2      | Noticed Natasha
  2085 | D:2      | Killed Natasha
  2206 | D:2      | Reached XP level 5. HP: 46/46 MP: 7/7
  2285 | D:2      | Found a faded altar of an unknown god.
  2482 | D:2      | Noticed Natasha
  2490 | D:2      | Killed Natasha
  2567 | D:2      | Reached skill level 3 in Invocations
  2799 | D:3      | Found a radiant altar of Vehumet.
  2974 | D:3      | Reached ** piety under Lugonu
  3141 | D:3      | Lost mutation: You tend to lose your temper in combat. [evolution]
  3216 | D:3      | Found an opulent altar of Gozag.
  3234 | D:3      | Found a shattered altar of Ashenzari.
  3403 | D:3      | Reached XP level 6. HP: 46/52 MP: 8/8
  3743 | D:4      | Found Zin's Purification Station.
  3746 | D:4      | Found a glowing silver altar of Zin.
  3821 | D:4      | Reached skill level 1 in Shields
  3975 | D:4      | Reached XP level 7. HP: 30/59 MP: 9/9
  4268 | D:4      | Reached *** piety under Lugonu
  4385 | D:4      | Found a burning altar of Makhleb.
  4399 | D:4      | Reached skill level 4 in Invocations
  4427 | D:5      | Entered Level 5 of the Dungeon
  4822 | D:5      | Reached skill level 1 in Throwing
  4877 | D:5      | Reached XP level 8. HP: 52/66 MP: 11/11
  4883 | D:5      | Reached skill level 5 in Invocations
  4906 | D:5      | Noticed Edmund
  4955 | D:5      | Killed Edmund
  5552 | D:6      | Found a stormy altar of Qazlal.
  6109 | D:6      | Reached skill level 5 in Armour
  6140 | D:6      | Reached skill level 6 in Invocations
  6146 | D:6      | Reached XP level 9. HP: 28/72 MP: 13/13
  6378 | D:6      | Noticed Pikel
  6408 | D:6      | Killed Pikel
  6408 | D:6      | Reached skill level 5 in Short Blades
  6418 | D:6      | Reached **** piety under Lugonu
  6750 | D:6      | Gained mutation: Your natural rate of healing is unusually fast. [evolution]
  6784 | D:6      | Found a runed door.
  6871 | D:6      | Found a staircase to the Ecumenical Temple.
  6977 | D:6      | Reached skill level 5 in Fighting
  7068 | D:6      | Noticed Crazy Yiuf
  7071 | D:6      | Killed Crazy Yiuf
  7189 | D:7      | Found a sparkling altar of Nemelex Xobeh.
  7377 | D:7      | Noticed a troll
  7395 | D:7      | Killed a troll
  7466 | D:7      | Found a white marble altar of Elyvilon.
  7612 | D:7      | Found an ornate altar of the Wu Jian Council.
  7736 | D:7      | Found a glowing golden altar of the Shining One.
  7766 | D:7      | Found a shimmering altar of Xom.
  7767 | D:7      | Found a hazy altar of Hepliaklqana.
  7768 | D:7      | Noticed a spectral ugly thing
  7839 | D:7      | Noticed a manticore
  7841 | D:7      | Noticed a kobold demonologist
  7853 | D:7      | Noticed an ice devil
  7869 | D:7      | Banished a manticore
  7869 | D:7      | Reached skill level 7 in Invocations
  7878 | D:7      | Noticed an orange demon
  7891 | D:7      | Killed a kobold demonologist
  7891 | D:7      | Reached XP level 10. HP: 26/81 MP: 5/15
  8009 | D:7      | Got a slimy scale mail
  8020 | D:7      | Identified the +1 scale mail of the Doldrums {Dex+2} (You found it on level 7 of the Dungeon)
  8327 | D:8      | Noticed Chudej's ghost (novice DECj)
  8355 | D:8      | Killed Chudej's ghost
  8406 | D:8      | Noticed a two-headed ogre
  8434 | D:8      | Killed a two-headed ogre
  9314 | D:9      | Reached skill level 8 in Invocations
  9529 | D:9      | Found a staircase to the Lair.
 10065 | Lair:1   | Entered Level 1 of the Lair of Beasts
 10137 | Lair:1   | Gained mutation: You are resistant to hostile enchantments. (MR+) [evolution]
 10137 | Lair:1   | Lost mutation: You evolve. [end of evolution]
 10197 | Lair:1   | Noticed Harold
 10822 | Lair:1   | Reached XP level 11. HP: 67/89 MP: 17/17
 10842 | Lair:1   | Noticed a seven-headed hydra
 10844 | Lair:1   | Banished a seven-headed hydra
 11124 | Lair:1   | Killed Harold
 11210 | Lair:1   | Noticed a death yak
 11250 | Lair:1   | Killed a death yak
 11255 | Lair:1   | HP: 3/91 [spiny frog (18)]
 11449 | Lair:1   | Reached skill level 9 in Invocations
 12408 | Lair:2   | Reached skill level 5 in Shields
 12540 | Lair:2   | Found a staircase to the Snake Pit.
 13012 | Lair:3   | Found a labyrinth entrance.
 13019 | Lab      | Entered a labyrinth
 13753 | Lab      | Noticed a minotaur
 13774 | Lab      | Killed a minotaur
 13809 | Lab      | Found the +4 arc blade {discharge, rElec}
 13809 | Lab      | Got a scorched sapphire amulet
 13814 | Lab      | Got an encrusted chain mail
 13828 | Lair:3   | Identified the +0 chain mail of Ato Zoc {Regen+ Int+5} (You found it in a labyrinth)
 14058 | Lair:3   | Reached XP level 12. HP: 86/97 MP: 19/19
 14063 | Lair:3   | Reached ***** piety under Lugonu
 14295 | Lair:3   | Noticed a seven-headed hydra
 14295 | Lair:3   | Found a staircase to the Shoals.
 14308 | Lair:3   | Killed a seven-headed hydra
 14308 | Lair:3   | Reached skill level 10 in Invocations
 14677 | Lair:3   | Identified a scroll of acquirement
 14992 | Lair:4   | Noticed a death yak
 15030 | Lair:3   | Killed a death yak
 15090 | Lair:4   | Noticed a death yak
 15106 | Lair:4   | Killed a death yak
 15583 | Lair:4   | Noticed a death yak
 15584 | Lair:4   | Noticed a death yak
 15595 | Lair:4   | Noticed a death yak
 15599 | Lair:4   | Killed a death yak
 15612 | Lair:4   | Killed a death yak
 15614 | Lair:4   | Banished a death yak
 16137 | Lair:5   | Reached skill level 10 in Armour
 16149 | Lair:5   | Noticed Ortega's ghost (journeyman GnSk)
 16338 | Lair:5   | Banished Ortega's ghost
 16338 | Lair:5   | Reached XP level 13. HP: 75/107 MP: 8/21
 16617 | Lair:5   | Reached skill level 11 in Invocations
 16994 | Lair:6   | Entered Level 6 of the Lair of Beasts
 17460 | Lair:6   | Reached skill level 10 in Short Blades
 17629 | Lair:6   | Paralysed by a hornet for 1 turns
 17636 | Lair:6   | Paralysed by a hornet for 3 turns
 17907 | Lair:6   | Reached skill level 12 in Invocations
 18035 | Lair:6   | Reached XP level 14. HP: 38/116 MP: 23/23
 18209 | Lair:6   | Found a staircase to the Slime Pits.
 18352 | Lair:6   | HP: 4/116 [eight-headed hydra (6)]
 18490 | Lair:6   | Found the +8 trident of the Octopus King {venom, rElec rPois MR+}
 18654 | Lair:6   | Identified the amulet "Liupugiato" {+Blink Regen+} (You found it in a labyrinth)
 18956 | D:10     | Entered Level 10 of the Dungeon
 19121 | D:10     | Noticed Snorg
 19126 | D:10     | Killed Snorg
 19463 | D:10     | Found Kereub's General Store.
 19467 | D:10     | Noticed Erica
 19476 | D:10     | Killed Erica
 19487 | D:10     | Bought a scroll of blinking for 97 gold pieces
 19487 | D:10     | Bought a scroll of holy word for 97 gold pieces
 19494 | D:10     | Found Zanetru's Gadget Emporium.
 19771 | D:11     | Found a shimmering altar of Xom.
 20391 | D:11     | Found a staircase to the Orcish Mines.
 20719 | D:12     | Reached ****** piety under Lugonu
 22030 | D:13     | Noticed Erolcha
 22036 | D:13     | Killed Erolcha
 22157 | D:13     | Found Jesicw's Antique Armour Boutique.
 22161 | D:13     | Bought a spiked plate armour for 616 gold pieces
 22171 | D:13     | Identified the +5 plate armour of the Forest {rN+ Int+4} (You bought it in a shop on level 13 of the Dungeon)
 22364 | D:14     | Found an opulent altar of Gozag.
 22480 | D:14     | Noticed Nessos
 22497 | D:14     | Killed Nessos
 22936 | D:14     | Reached XP level 15. HP: 119/125 MP: 4/24
 23102 | D:14     | Reached skill level 13 in Invocations
 23219 | D:14     | Found Symoople's Armour Shop.
 23226 | D:14     | Bought a +2 chain mail of poison resistance for 296 gold pieces
 23273 | D:14     | Found a gate to the Vaults.
 23492 | D:15     | Entered Level 15 of the Dungeon
 24092 | D:15     | Found a staircase to the Depths.
 24495 | Orc:1    | Entered Level 1 of the Orcish Mines
 24579 | Orc:1    | Noticed an orc warlord
 24600 | Orc:1    | Killed an orc warlord
 25094 | Orc:1    | Found a roughly hewn altar of Beogh.
 25263 | Orc:1    | Reached skill level 10 in Fighting
 25315 | Orc:2    | Entered Level 2 of the Orcish Mines
 25418 | Orc:2    | Found a roughly hewn altar of Beogh.
 25570 | Orc:2    | Found Leurpheu's Antique Weapon Boutique.
 25594 | Orc:2    | Found Ecixt's Distillery.
 26309 | Orc:2    | Found Haehew's Armour Boutique.
 26333 | Orc:2    | Gained mutation: You are clumsy. (Dex -2) [a neqoxec]
 26338 | Orc:2    | Gained mutation: Scrolls take you a little longer to read. [a neqoxec]
 26414 | Orc:2    | Noticed an orc warlord
 26427 | Orc:2    | Killed an orc warlord
 26438 | Orc:2    | Found a roughly hewn altar of Beogh.
 26565 | Orc:2    | Reached XP level 16. HP: 92/134 MP: 26/26
 26621 | Orc:2    | Found Doduada's General Store.
 26941 | Orc:2    | Found a staircase to the Elven Halls.
 27248 | Orc:2    | Bought 2 potions of curing for 84 gold pieces
 27248 | Orc:2    | Bought a potion of curing for 42 gold pieces
 27248 | Orc:2    | Bought a potion of might for 56 gold pieces
 27248 | Orc:2    | Bought a potion of curing for 42 gold pieces
 27248 | Orc:2    | Bought a potion of curing for 42 gold pieces
 27319 | Elf:1    | Entered Level 1 of the Elven Halls
 27440 | Elf:1    | Reached skill level 14 in Invocations
 28085 | Elf:1    | Found Kohy's Food Shoppe.
 28443 | Elf:1    | Identified Kikubaaqudgha's Volume of Necromancy
 28833 | Elf:1    | Escaped the Abyss
 28840 | Elf:2    | Found a radiant altar of Vehumet.
 29525 | Snake:1  | Entered Level 1 of the Snake Pit
 29709 | Snake:1  | Got a jewelled trident
 29710 | Snake:1  | Identified the +7 trident of the Snake Pit {pierce, +Inv Str+6} (You found it on level 1 of the Snake Pit)
 29987 | Snake:1  | Found Xalaatyno's Gadget Shop.
 29987 | Snake:1  | Found Faska's Jewellery Shoppe.
 29988 | Snake:1  | Found Quecutodgh's Gadget Shop.
 30972 | Snake:2  | Found Noapn's Gadget Boutique.
 30979 | Snake:2  | Found Vyckynk Kaor's Weapon Shop.
 30979 | Snake:2  | Found Kogaeluxu's Antique Weapon Boutique.
 31053 | Snake:2  | Reached XP level 17. HP: 120/143 MP: 21/28
 31092 | Snake:2  | Noticed Aizul
 31510 | Snake:2  | Reached skill level 15 in Invocations
 31612 | Snake:2  | Killed Aizul
 32437 | Snake:3  | Found a transporter.
 32439 | Snake:3  | Found a radiant altar of Vehumet.
 32513 | Snake:3  | HP: 6/144 [nagaraja/orb of energy (38)]
 32766 | Snake:3  | Found a transporter.
 33360 | Snake:3  | Reached skill level 10 in Shields
 33519 | Snake:4  | Entered Level 4 of the Snake Pit
 33536 | Snake:4  | Got a heavily runed cloak
 33829 | Snake:4  | HP: 2/146 [nagaraja/spear (12)]
 34495 | Snake:4  | Reached XP level 18. HP: 154/154 MP: 29/29
 35077 | Snake:4  | Got a serpentine rune of Zot
 35327 | Snake:4  | Found Ypygozyw's Weapon Shoppe.
 35709 | Vaults:1 | Entered Level 1 of the Vaults
 35936 | Vaults:1 | Reached skill level 16 in Invocations
 37738 | Vaults:2 | Reached skill level 15 in Armour
 38013 | Vaults:2 | Reached XP level 19. HP: 163/163 MP: 31/31
 38325 | Vaults:2 | Found a staircase to the Crypt.
 38747 | Vaults:2 | Paralysed by a wizard for 2 turns
 38778 | Vaults:2 | Identified the cursed +0 cloak "Hero's Friend" {*Corrode rPois rF+} (You found it on level 4 of the Snake Pit)
 41201 | Vaults:3 | Reached skill level 17 in Invocations
 41875 | Vaults:4 | Reached XP level 20. HP: 159/177 MP: 32/32
 42311 | Vaults:4 | Reached skill level 15 in Fighting
 42999 | Vaults:4 | Noticed Margery
 43016 | Vaults:4 | Killed Margery
 43043 | Vaults:4 | Reached skill level 1 in Polearms
 43175 | Vaults:5 | Entered Level 5 of the Vaults
 43176 | Vaults:5 | Corrupted Vaults:5
 43651 | Shoals:1 | Entered Level 1 of the Shoals
 43853 | Shoals:1 | Drowned by a water nymph

Skill      XL: |  1  2  3  4  5  6  7  8  9 10 11 12 13 14 15 16 17 18 19 20 |
---------------+-------------------------------------------------------------+-----
Axes           | 2 |  2.5
Dodging        | 1 2 3 4 |  4.6
Short Blades   | 1 2 3 4 6 7 8 9 10 11 12 13 14 | 14.9
Armour         | 2 3 4 5 6 7 8 10 11 12 13 14 15 16 | 16.0
Invocations    | 3 4 6 7 8 9 10 12 13 14 15 16 17 | 17.5
Shields        | 1 2 3 4 5 6 7 8 9 10 11 12 | 12.2
Fighting       | 4 5 6 7 8 9 10 12 13 14 15 | 15.3
Throwing       | 1 2 |  2.1
Polearms       | 1 |  1.2

Action                   |  1- 3 |  4- 6 |  7- 9 | 10-12 | 13-15 | 16-18 | 19-21 || total
-------------------------+-------+-------+-------+-------+-------+-------+-------++-------
Melee: Hand axe          |    13 |       |     9 |       |    10 |       |       ||    32
       Short sword       |    73 |   381 |   556 |   812 |       |       |       ||  1822
       Kick              |     9 |    68 |   169 |   334 |   444 |   564 |   294 ||  1882
       Rapier            |       |       |       |   284 |  1402 |  1800 |   852 ||  4338
       Trident           |       |       |       |       |     6 |       |    12 ||    18
Throw: Javelin           |     3 |     3 |     3 |     7 |     6 |       |       ||    22
       Tomahawk          |       |       |       |     3 |     7 |     2 |       ||    12
Invok: Depart the Abyss  |     1 |       |       |       |       |     1 |       ||     2
       Banish            |       |       |     7 |     9 |     7 |     5 |       ||    28
       Bend Space        |       |       |       |     1 |       |     1 |       ||     2
       Enter the Abyss   |       |       |       |       |       |     1 |       ||     1
       Corrupt           |       |       |       |       |       |       |     1 ||     1
  Use: Scroll            |     2 |     7 |     7 |    13 |    13 |     7 |     1 ||    50
       Potion            |     5 |       |     3 |     7 |     5 |    13 |       ||    33
 Stab: Invisible         |       |       |       |     4 |       |       |       ||     4
  Eat: Chunk             |     1 |     4 |     5 |    13 |    13 |     5 |     2 ||    43
       Ration            |       |     2 |     3 |     4 |     5 |     9 |     4 ||    27
Armor: Leather armour    |    35 |       |       |       |       |       |       ||    35
       Scale mail        |     5 |    74 |       |       |       |       |       ||    79
       Plate armour      |       |   197 |   397 |    69 |   362 |   874 |   438 ||  2337
       Chain mail        |       |       |       |   288 |   363 |       |       ||   651
       Skin              |       |       |       |    49 |       |       |       ||    49
Dodge: Dodged            |    26 |    27 |    24 |   141 |   229 |   173 |    73 ||   693
Block: Shield            |    21 |   125 |   205 |   400 |   694 |   793 |   160 ||  2398
       Large shield      |       |       |       |       |       |       |   386 ||   386
       Reflection        |       |       |       |       |       |       |    19 ||    19
